Map: Bel'Shir Vestige LE (Void)

Players

Bails - Winner!

  • Race: Protoss Protoss
  • Spawn Location: 11:00

Pokebunny

  • Race: Terran Terran
  • Spawn Location: 5:00

Event: WCS Austin 2017

VOD

Have the link to the VOD?

Description

Time

  • Played on: April 28, 2017, 5:11 p.m.
  • Length: 14:10

All games in this series

Show
View Real Time Build Order
Export as new Build Order

Bails Protoss - Winner!

Build Orders:  

Get SALT Encoding   

  12  0:00  Probe (Chrono Boost)  
  13  0:11  Probe (Chrono Boost)  
  14  0:16  Pylon  
  14  0:21  Probe (Chrono Boost)  
  15  0:35  Probe (Chrono Boost), Gateway  
  16  0:45  Probe (Chrono Boost)  
  16  0:46  Assimilator  
  17  0:56  Probe (Chrono Boost)  
  18  1:06  Probe (Chrono Boost)  
  19  1:17  Probe (Chrono Boost)  
  20  1:22  Cybernetics Core  
  20  1:27  Probe (Chrono Boost), Pylon  
  21  1:45  Nexus  
  21  1:58  Adept  
  21  1:59  Mothership Core (Chrono Boost)  
  25  2:05  Assimilator  
  25  2:10  Pylon, Warp Gate  
  25  2:19  Probe (Chrono Boost)  
  25  2:21  Adept  
  29  2:31  Probe (Chrono Boost)  
  29  2:43  Probe (Chrono Boost)  
  30  2:46  Robotics Facility  
  30  2:55  Probe (Chrono Boost), Adept  
  31  3:00  Probe (Chrono Boost)  
  34  3:07  Probe (Chrono Boost)  
  34  3:10  Probe (Chrono Boost)  
  36  3:19  Probe (Chrono Boost)  
  35  3:20  Stalker  
  35  3:26  Gateway  
  38  3:31  Gateway  
  38  3:33  Observer  
  38  3:39  Probe (Chrono Boost)  
  40  3:42  Probe (Chrono Boost)  
  40  3:46  Pylon  
  40  3:51  Probe (Chrono Boost)  
  40  3:52  Observer  
  40  3:54  Probe (Chrono Boost)  
  44  4:03  Probe (Chrono Boost)  
  44  4:05  Probe (Chrono Boost)  
  45  4:10  Robotics Bay  
  45  4:13  Probe (Chrono Boost)  
  45  4:16  Probe (Chrono Boost), Stalker  
  49  4:24  Probe (Chrono Boost)  
  49  4:27  Probe (Chrono Boost)  
  49  4:30  Warp Prism  
  43  4:35  Probe (Chrono Boost)  
  43  4:37  Probe (Chrono Boost)  
  47  4:43  Assimilator  
  47  4:45  Assimilator  
  47  4:47  Sentry  
  47  4:48  Probe x2 (Chrono Boost)  
  47  4:52  Twilight Council  
  51  4:58  Probe (Chrono Boost)  
  53  5:00  Probe (Chrono Boost)  
  53  5:04  Pylon  
  53  5:09  Probe (Chrono Boost)  
  53  5:12  Probe (Chrono Boost)  
  52  5:16  Stalker x2  
  52  5:19  Probe (Chrono Boost)  
  53  5:24  Probe (Chrono Boost)  
  53  5:27  Disruptor  
  54  5:30  Probe (Chrono Boost)  
  54  5:31  Blink  
  59  5:36  Probe (Chrono Boost)  
  59  5:41  Probe (Chrono Boost)  
  60  5:48  Probe (Chrono Boost), Pylon  
  61  5:53  Probe (Chrono Boost)  
  62  6:00  Probe (Chrono Boost)  
  62  6:02  Adept x2  
  69  6:07  Mothership Core (Chrono Boost), Pylon  
  69  6:10  Adept  
  69  6:11  Disruptor  
  72  6:12  Probe (Chrono Boost)  
  75  6:22  Pylon  
  75  6:24  Probe (Chrono Boost)  
  77  6:26  Probe (Chrono Boost)  
  77  6:35  Stalker  
  79  6:41  Nexus  
  79  6:46  Disruptor  
  79  6:52  Stalker  
  84  6:56  Probe (Chrono Boost)  
  84  6:58  Pylon  
  86  7:01  Probe (Chrono Boost)  
  86  7:03  Sentry x2  
  86  7:05  Pylon  
  90  7:09  Forge  
  90  7:16  Stalker  
  90  7:19  Disruptor  
  90  7:21  Probe (Chrono Boost)  
  93  7:28  Probe (Chrono Boost)  
  86  7:38  Probe (Chrono Boost)  
  86  7:40  Stalker x3  
  86  7:43  Probe (Chrono Boost)  
  89  7:48  Protoss Ground Weapons Level 1  
  89  7:50  Disruptor, Probe (Chrono Boost)  
  87  7:58  Gateway  
  87  8:01  Gateway  
  87  8:03  Stalker x2, Gateway  
  87  8:04  Zealot  
  94  8:14  Probe (Chrono Boost)  
  87  8:20  Probe (Chrono Boost)  
  87  8:21  Disruptor  
  87  8:25  Adept  
  87  8:26  Probe (Chrono Boost)  
  75  8:28  Adept x2  
  75  8:32  Probe (Chrono Boost)  
  73  8:38  Probe (Chrono Boost)  
  72  8:44  Probe (Chrono Boost)  
  72  8:46  Sentry  
  75  8:50  Probe (Chrono Boost)  
  75  9:02  Stalker x3  
  81  9:08  Stalker  
  83  9:26  Disruptor  
  86  9:33  Pylon  
  86  9:34  Protoss Ground Armor Level 1  
  86  9:38  Adept x4  
  94  9:48  Dark Shrine  
  90  10:03  Disruptor  
  90  10:06  Nexus  
  86  10:12  Pylon  
  87  10:18  Probe (Chrono Boost)  
  88  10:24  Pylon  
  88  10:27  Pylon  
  88  10:31  Adept x2  
  88  10:34  Probe (Chrono Boost)  
  94  10:37  Probe (Chrono Boost)  
  94  10:39  Disruptor  
  92  10:50  Stalker  
  94  11:01  Stalker x2  
  98  11:09  Mothership Core (Chrono Boost)  
  89  11:20  Warp Prism  
  91  11:26  Sentry x2  
  91  11:27  Nexus  
  93  11:33  Stalker  
  93  11:34  Stalker  
  97  11:51  Disruptor  
  95  11:58  Stalker x4  
  108  12:09  Probe x2 (Chrono Boost)  
  103  12:22  Disruptor  
  99  12:25  Stalker x3  
  108  12:31  Pylon  
  108  12:53  Disruptor  
  102  13:07  Adept  
  102  13:08  Adept x5  
  114  13:13  Photon Cannon  
  111  13:24  Disruptor  
  111  13:29  Adept x3  
  107  13:56  Adept x2  
  107  13:57  Adept  
Show
View Real Time Build Order
Export as new Build Order

Pokebunny Terran 

Build Orders: 1/1/1, Liberator Opening, MMM Bio 

Get SALT Encoding   

  12  0:00  SCV  
  13  0:12  SCV  
  14  0:17  Supply Depot  
  14  0:25  SCV  
  15  0:29  Refinery  
  15  0:39  SCV  
  16  0:44  Barracks  
  16  0:51  SCV  
  17  1:03  SCV  
  18  1:15  SCV  
  19  1:31  Marine, Orbital Command  
  20  1:34  Factory  
  20  1:46  Supply Depot  
  20  1:49  Marine  
  21  1:56  SCV  
  22  2:07  Marine  
  23  2:08  SCV  
  24  2:16  Command Center  
  24  2:22  SCV  
  25  2:26  Starport  
  25  2:30  Marine  
  25  2:32  Widow Mine  
  25  2:36  SCV  
  29  2:41  Supply Depot  
  29  2:46  Refinery  
  29  2:48  Marine  
  30  2:51  SCV  
  31  3:03  Hellion, SCV  
  31  3:04  Medivac  
  36  3:08  Marine  
  36  3:20  SCV  
  36  3:24  Liberator  
  36  3:26  Hellion  
  39  3:28  Barracks Reactor  
  39  3:29  Orbital Command  
  39  3:34  SCV  
  40  3:47  Factory Tech Lab, SCV  
  44  3:54  Supply Depot  
  45  3:55  SCV  
  45  3:59  SCV  
  46  4:06  Marine x2  
  48  4:11  Barracks  
  48  4:12  Factory Tech Lab  
  46  4:28  SCV x2  
  46  4:29  Marine x2  
  45  4:36  Barracks  
  45  4:39  Factory Reactor  
  45  4:43  SCV x2  
  46  4:47  Starport Reactor  
  46  4:50  Engineering Bay  
  46  4:52  Marine x2  
  46  4:53  Refinery  
  46  4:55  SCV x2  
  50  5:01  Barracks, Stimpack  
  50  5:04  Barracks  
  50  5:06  Marauder  
  52  5:14  SCV x2  
  52  5:16  Marine  
  52  5:17  Marine  
  56  5:25  Combat Shields, Marauder  
  56  5:27  Marine  
  61  5:29  SCV  
  61  5:34  Supply Depot, SCV  
  61  5:35  Marine  
  61  5:42  Factory Reactor, Terran Infantry Weapons Level 1  
  62  5:44  Supply Depot  
  62  5:47  Supply Depot  
  62  5:54  Barracks Tech Lab  
  62  5:55  Marauder, Marine, SCV x2  
  62  5:56  Marauder, Marine  
  70  6:02  Supply Depot  
  70  6:06  Marine x2  
  70  6:07  Medivac  
  70  6:10  Medivac  
  76  6:14  Marauder, Marine  
  79  6:19  Supply Depot  
  79  6:22  Marauder, Marine  
  79  6:25  Marauder  
  84  6:26  Refinery  
  84  6:27  Concussive Shells  
  84  6:29  Marine x2  
  84  6:31  SCV  
  84  6:32  SCV  
  88  6:35  Widow Mine x2  
  92  6:46  Marine x2  
  90  6:47  Marauder x2  
  90  6:54  Marine x2  
  95  6:55  Marauder  
  95  6:59  Supply Depot  
  98  7:02  SCV x2  
  100  7:14  Marine x2  
  102  7:20  Supply Depot, Marine x2  
  102  7:21  Marauder x2  
  108  7:29  SCV  
  107  7:30  SCV  
  105  7:37  Marine  
  105  7:38  Marine  
  105  7:40  Terran Infantry Armor Level 1  
  105  7:42  SCV x2  
  105  7:44  Medivac x2  
  100  7:55  Marauder, Marine  
  100  8:00  Supply Depot  
  100  8:01  SCV x2  
  100  8:02  Widow Mine  
  100  8:03  Widow Mine  
  100  8:04  Supply Depot, Marine x2  
  100  8:05  Marauder  
  100  8:23  Marauder, Marine x3  
  100  8:24  Marauder  
  92  8:33  SCV  
  92  8:34  SCV  
  88  8:36  Liberator  
  88  8:37  Widow Mine  
  88  8:38  Widow Mine  
  88  8:39  Liberator  
  92  8:43  Marine  
  92  8:44  Marauder, Marine x2  
  97  8:50  Command Center  
  101  9:04  Marine  
  101  9:05  Marauder, Marine x3  
  107  9:18  Marauder x2  
  107  9:23  Supply Depot  
  107  9:31  Marine x2  
  107  9:32  Marauder, Marine x2  
  107  9:34  Widow Mine x2  
  117  9:41  Liberator x2  
  113  9:48  Marine  
  113  9:49  Marauder, Marine  
  113  10:12  Marine x2  
  113  10:13  Marauder x2, Marine  
  120  10:17  Factory Tech Lab  
  120  10:23  Marine  
  120  10:25  Missile Turret  
  120  10:26  Supply Depot  
  120  10:27  SCV  
  120  10:28  SCV  
  123  10:29  Armory  
  123  10:33  Orbital Command  
  116  10:50  Marine x2  
  116  10:51  Marauder x2  
  116  10:52  SCV x2  
  116  10:54  Marine  
  104  11:18  Marauder x2, Marine x2  
  87  11:21  SCV x2  
  87  11:22  SCV  
  88  11:26  Siege Tank  
  88  11:30  Marauder, Marine x2  
  90  11:42  Marauder, Marine x2  
  90  11:43  Marauder  
  90  11:44  SCV x2  
  90  11:45  SCV  
  99  11:48  Marine  
  99  11:49  Terran Infantry Weapons Level 2  
  97  11:55  Marine  
  97  11:56  Marauder  
  97  12:00  Siege Tank  
  103  12:01  Marine  
  103  12:03  Barracks  
  103  12:04  Marauder  
  99  12:22  Marauder, Marine x3  
  93  12:23  Marine  
  93  12:26  Medivac x2  
  101  12:31  Marauder, Marine  
  101  12:32  Refinery  
  101  12:36  Engineering Bay, Siege Tank  
  105  12:39  Marine  
  106  12:46  Marine x3  
  106  12:47  Marauder  
  106  12:49  Marauder  
  113  12:57  Liberator x2  
  103  12:58  Marine  
  103  12:59  Marauder  
  103  13:06  Marine x2  
  103  13:08  Marauder  
  103  13:11  Siege Tank  
  106  13:13  Marine  
  106  13:14  Marauder  
  115  13:20  Marine  
  115  13:21  Marauder  
  118  13:32  Refinery  
  118  13:34  Marine  
  118  13:35  Command Center  
  118  13:37  Marine x2  
  120  13:48  Marauder, Marine x2  
Tags
 
Add a new tag
Caveats
  • Supply blocks, unpowered buildings, or Contaminate may cause inaccurate times.
  • Supply counts are checked every 10 seconds.